Map: Equilibrium LE

Players

SubPrime

  • Race: Terran Terran
  • League: Diamond
  • Spawn Location: 1:00

SubN - Winner!

  • Race: Zerg Zerg
  • League: Diamond
  • Spawn Location: 11:00

VOD

Have the link to the VOD?

Description

Time

  • Played on: Dec. 19, 2023, 10:54 p.m.
  • Length: 16:00
Show
View Real Time Build Order
Export as new Build Order

SubPrime Terran 

Build Orders: Reaper Expand 

Get SALT Encoding   

  12  0:00  SCV  
  13  0:12  SCV  
  14  0:17  Supply Depot  
  14  0:24  SCV  
  15  0:38  SCV  
  15  0:39  Barracks  
  16  0:44  Refinery  
  16  0:50  SCV  
  17  1:03  SCV  
  18  1:15  SCV  
  19  1:27  Orbital Command  
  19  1:29  Reaper  
  20  1:41  Command Center  
  20  1:50  Supply Depot  
  20  1:53  SCV  
  21  2:01  Marine  
  21  2:05  SCV  
  23  2:13  Factory  
  23  2:18  SCV  
  24  2:24  Barracks Reactor  
  24  2:25  Barracks  
  24  2:31  SCV  
  25  2:43  SCV  
  26  2:56  Orbital Command  
  26  2:57  SCV  
  27  2:58  Factory Tech Lab  
  27  3:06  Refinery  
  27  3:13  Command Center  
  27  3:16  SCV  
  27  3:18  Barracks Tech Lab  
  29  3:28  SCV  
  29  3:29  Siege Tank  
  29  3:34  Marine x2  
  33  3:42  Supply Depot  
  33  3:44  Marine  
  33  3:45  Orbital Command  
  33  3:46  SCV  
  35  3:52  Marine x2  
  35  3:53  Engineering Bay  
  37  4:01  Marine  
  38  4:05  Supply Depot  
  38  4:09  Marine x2  
  38  4:11  SCV x2  
  42  4:20  Marine  
  42  4:22  Siege Tank  
  42  4:23  SCV x2  
  47  4:27  Marine  
  47  4:29  Supply Depot  
  48  4:32  Orbital Command  
  48  4:39  Terran Infantry Weapons Level 1  
  48  4:45  Starport  
  48  4:47  SCV  
  48  4:49  SCV  
  50  4:56  Supply Depot  
  50  4:57  Marine  
  50  4:59  SCV  
  52  5:01  SCV x2  
  52  5:05  Siege Tank  
  57  5:07  Marine  
  57  5:12  SCV  
  57  5:14  Marauder  
  61  5:19  Stimpack  
  61  5:20  Marine  
  62  5:22  Supply Depot  
  62  5:24  Marine  
  62  5:26  Refinery  
  63  5:30  Starport Reactor  
  63  5:32  Supply Depot  
  63  5:35  Marine  
  64  5:38  Marine, SCV x2  
  64  5:42  Marine  
  67  5:43  Engineering Bay  
  67  5:46  Supply Depot  
  68  5:50  SCV x2  
  68  5:52  Marine, Siege Tank  
  68  5:56  Marine  
  75  5:59  Barracks x2  
  75  6:00  Marine  
  75  6:02  Orbital Command, SCV x2  
  78  6:08  Refinery  
  78  6:10  Marine  
  79  6:13  Marine  
  79  6:17  Supply Depot  
  79  6:18  Marine  
  80  6:23  Armory  
  81  6:28  Marine  
  81  6:31  Marine, SCV x3  
  86  6:34  Terran Infantry Armor Level 1  
  86  6:36  Marine  
  86  6:39  Medivac  
  89  6:43  SCV x2  
  89  6:44  SCV  
  89  6:46  Supply Depot, Marine  
  93  6:49  Marine  
  93  6:51  Siege Tank  
  93  6:54  Marine  
  98  6:55  SCV x2  
  98  6:58  Barracks Tech Lab  
  98  6:59  Barracks Tech Lab  
  98  7:01  SCV  
  101  7:07  SCV x2  
  103  7:12  Missile Turret  
  103  7:14  Supply Depot  
  103  7:16  Medivac x2  
  103  7:17  Marauder, Marine  
  103  7:19  Marauder  
  103  7:21  Marauder  
  103  7:22  SCV  
  115  7:24  SCV  
  107  7:42  Command Center, Marine x4  
  107  7:43  Marauder  
  113  7:44  Siege Tank  
  113  7:49  SCV  
  113  7:50  SCV x2  
  118  8:00  Marauder  
  120  8:06  Marauder x2, Marine x2  
  120  8:07  Liberator x2  
  120  8:08  SCV  
  120  8:09  SCV x2  
  135  8:18  Refinery  
  135  8:19  Siege Tank  
  138  8:21  Refinery  
  138  8:22  Marauder  
  138  8:23  Supply Depot  
  138  8:24  Marine  
  141  8:34  Supply Depot  
  141  8:37  Terran Infantry Weapons Level 2  
  141  8:40  Supply Depot  
  141  8:44  Marine x5, SCV x2  
  141  8:47  Supply Depot  
  148  8:50  Supply Depot  
  148  8:52  Terran Infantry Armor Level 2  
  148  8:54  SCV  
  149  8:57  Orbital Command, SCV  
  149  9:02  Marine x3  
  153  9:04  Supply Depot  
  153  9:05  Supply Depot  
  153  9:06  Widow Mine  
  153  9:07  Marauder, Marine  
  153  9:09  SCV  
  159  9:10  SCV  
  159  9:13  Supply Depot  
  159  9:15  Supply Depot  
  160  9:34  Marauder x2, Marine x3  
  148  9:54  Orbital Command  
  137  10:13  Marine x2  
  137  10:14  Marauder, Marine x2  
  134  10:22  SCV x2  
  134  10:23  SCV x2  
  134  10:26  Siege Tank, Medivac  
  134  10:27  Medivac  
  144  10:31  Marine x2  
  144  10:32  Marauder x2  
  144  10:34  SCV  
  144  10:35  SCV x2  
  153  10:36  Marauder  
  153  10:38  Command Center  
  155  10:48  SCV x3  
  155  10:49  Command Center, Marine x2  
  160  10:50  Terran Vehicle Weapons Level 1  
  160  10:53  Marine  
  161  10:59  Factory  
  161  11:03  Factory  
  152  11:23  Marine x2  
  152  11:24  Marine x3  
  111  11:41  Marine  
  111  11:43  Marine x2  
  111  11:44  Marauder, Orbital Command  
  111  11:46  SCV x2  
  115  12:04  Marine x4  
  115  12:05  Marine  
  117  12:08  Orbital Command  
  117  12:10  Command Center, Planetary Fortress  
  117  12:15  Siege Tank  
  117  12:17  Factory Reactor  
  117  12:18  Factory Tech Lab  
  117  12:21  Marine, Terran Infantry Weapons Level 3  
  117  12:22  Terran Infantry Armor Level 3, Marine x3  
  124  12:23  Marine  
  125  12:30  Liberator x2  
  125  12:34  SCV  
  125  12:35  SCV x3  
  136  12:39  Marine x2  
  136  12:40  Marauder, Marine  
  136  12:41  Orbital Command, Marine  
  141  12:44  Terran Vehicle And Ship Armor Level 1  
  141  12:47  SCV  
  141  12:48  Siege Tank  
  145  12:55  Unknown, SCV x4  
  145  12:56  Thor  
  145  12:57  Marine x3, Hellbat x2  
  162  12:59  SCV  
  162  13:03  Command Center  
  163  13:07  SCV  
  163  13:10  Orbital Command  
  137  13:31  Marine x5  
  137  13:33  Hellbat x2, Siege Tank  
  149  13:36  SCV x5  
  149  13:40  Siege Tank  
  157  13:46  Orbital Command  
  157  13:47  Command Center  
  157  13:48  SCV x5  
  160  13:49  Marauder, Marine x2, Medivac  
  160  13:50  Marauder, Medivac  
  160  13:51  Command Center  
  172  14:00  SCV  
  172  14:01  Marine  
  172  14:02  Hellbat x2  
  178  14:05  Siege Tank  
  178  14:06  Marine  
  182  14:10  Factory  
  182  14:12  Siege Tank  
  182  14:14  Refinery  
  182  14:15  Marine  
  182  14:16  Marauder x2  
  190  14:18  Refinery  
  190  14:19  Marine  
  191  14:24  Marine  
  191  14:28  Hellbat x2  
  191  14:29  Liberator  
  191  14:30  Command Center  
  199  14:33  Marine  
  199  14:37  Marauder  
  102  15:09  Thor x2  
  102  15:10  Hellbat x2  
  102  15:11  Marauder x2, Marine x3  
  84  15:28  Marine  
  84  15:29  Marine x2  
  84  15:32  Marine x2  
  86  15:58  Command Center  
Show
View Real Time Build Order
Export as new Build Order

SubN Zerg - Winner!

Build Orders: Hatch First 

Get SALT Encoding   

  12  0:00  Drone  
  13  0:12  Overlord  
  13  0:19  Drone  
  14  0:30  Drone x2  
  16  0:49  Hatchery  
  15  0:53  Drone  
  15  0:56  Drone  
  17  0:59  Drone  
  18  1:05  Extractor  
  17  1:16  Spawning Pool  
  16  1:20  Drone  
  16  1:24  Drone  
  18  1:30  Drone  
  19  1:41  Drone  
  20  1:49  Overlord  
  20  2:04  Queen x2  
  20  2:08  Metabolic Boost  
  24  2:11  Zergling x2  
  24  2:14  Zergling x2  
  26  2:18  Drone  
  26  2:20  Drone  
  28  2:24  Drone  
  28  2:26  Drone  
  30  2:45  Queen x2  
  30  2:49  Overlord  
  34  2:55  Drone x2  
  36  3:11  Hatchery  
  35  3:17  Drone x3  
  38  3:37  Overlord  
  38  3:39  Overlord  
  38  3:43  Drone x6  
  44  3:58  Drone x5  
  44  3:59  Lair  
  49  4:03  Extractor, Queen  
  50  4:24  Extractor  
  50  4:26  Drone x7  
  50  4:28  Queen  
  58  4:35  Extractor  
  57  4:47  Drone x2  
  57  4:48  Drone  
  57  4:49  Drone x3  
  57  4:50  Drone x2  
  66  4:52  Drone  
  66  4:53  Overlord  
  66  4:58  Overseer  
  66  5:04  Hydralisk Den  
  66  5:05  Drone  
  66  5:09  Baneling Nest, Drone  
  66  5:10  Overlord  
  66  5:11  Overlord  
  66  5:13  Overlord  
  66  5:16  Drone x3  
  69  5:28  Overseer  
  69  5:34  Grooved Spines  
  69  5:36  Overlord  
  69  5:37  Overlord  
  69  5:47  Drone x2  
  71  5:53  Centrifugal Hooks, Evolution Chamber  
  71  5:56  Evolution Chamber  
  69  6:00  Zergling x2  
  69  6:01  Zergling x30  
  85  6:13  Hydralisk x3  
  85  6:17  Zergling x2  
  92  6:24  Muscular Augments  
  90  6:30  Zerg Melee Weapons Level 1  
  90  6:31  Zerg Ground Armor Level 1  
  90  6:33  Drone x8  
  90  6:34  Drone  
  99  6:49  Hatchery  
  99  6:52  Hydralisk  
  99  6:53  Hydralisk x3  
  106  6:58  Baneling  
  106  6:59  Baneling x17  
  105  7:05  Extractor x2  
  103  7:14  Zergling x2  
  104  7:17  Zergling x2  
  104  7:19  Overlord x4  
  105  7:26  Zergling x2  
  101  7:35  Zergling x2  
  101  7:36  Zergling x12  
  98  8:05  Hydralisk  
  97  8:06  Hydralisk x12  
  123  8:13  Queen  
  125  8:25  Infestation Pit  
  125  8:26  Drone x8  
  132  8:29  Zerg Missile Weapons Level 1  
  132  8:30  Zerg Ground Armor Level 2  
  132  8:43  Baneling  
  132  8:44  Baneling x8  
  132  8:47  Overlord x6  
  132  8:49  Overseer  
  132  8:55  Drone x3  
  135  8:56  Drone  
  136  9:06  Drone x2  
  136  9:09  Zergling x8  
  142  9:10  Zergling x6  
  142  9:12  Zergling x12  
  142  9:13  Zergling x2  
  152  9:23  Hive  
  152  9:26  Drone x4, Extractor  
  152  9:27  Extractor  
  128  10:05  Zergling x10  
  128  10:06  Zergling x24  
  143  10:18  Zergling x2  
  143  10:19  Zergling x14  
  145  10:30  Baneling  
  145  10:31  Baneling x20  
  145  10:32  Baneling x2  
  145  10:43  Zergling x4  
  145  10:44  Zergling x22  
  158  11:02  Hatchery  
  157  11:06  Extractor  
  157  11:08  Adrenal Glands  
  138  11:19  Extractor  
  120  11:29  Zergling x2  
  120  11:30  Zergling x46  
  120  11:31  Zergling x2  
  138  11:33  Zerg Missile Weapons Level 2  
  138  11:34  Zerg Ground Armor Level 3  
  135  11:43  Zergling x2  
  135  11:44  Zergling x14  
  142  11:50  Baneling x5  
  142  11:51  Baneling x21  
  141  12:17  Ultralisk Cavern  
  141  12:19  Hatchery  
  139  12:24  Extractor  
  139  12:25  Drone x2  
  139  12:27  Drone  
  141  12:30  Hatchery  
  141  12:31  Overlord  
  141  12:32  Overlord x2, Viper x4  
  141  12:36  Overseer  
  152  12:37  Overseer  
  152  12:38  Overseer  
  152  12:40  Hydralisk  
  152  12:41  Hydralisk x11  
  176  12:46  Overlord x3  
  142  13:27  Zergling x6  
  142  13:28  Zergling x24  
  142  13:29  Ultralisk  
  142  13:30  Ultralisk x5  
  193  13:40  Queen  
  195  13:42  Drone x4  
  199  13:49  Chitinous Plating  
  199  14:26  Pneumatized Carapace  
  199  14:37  Hatchery  
  152  15:08  Anabolic Synthesis  
  152  15:09  Ultralisk x3  
  152  15:10  Ultralisk x2  
  161  15:17  Zergling x8  
  161  15:18  Zergling x60  
  161  15:19  Zergling x22  
Tags
 
Add a new tag
Caveats
  • Supply blocks, unpowered buildings, or Contaminate may cause inaccurate times.
  • Supply counts are checked every 10 seconds.